 Dungeon Crawl Stone Soup version 0.29.1-15-g9cfb28693d (webtiles) character file.

Game seed: 13619037585817029557

2574 kingofthe the Thaumaturge (level 9, -14/45 HPs)
             Began as a Deep Elf Fire Elementalist on Mar 5, 2023.
             Was a Follower of Sif Muna.
             Shot with a bolt by an orc warrior (16 damage)
             ... in a bailey.
             The game lasted 00:18:11 (7149 turns).

kingofthe the Thaumaturge (DEFE)                    Turns: 7149, Time: 00:18:12

Health: -14/45     AC:  5    Str:  5    XL:     9   Next: 32%
Magic:  13/23      EV: 16    Int: 23    God:    Sif Muna [*.....]
Gold:   337        SH:  0    Dex: 17    Spells: 11/24 levels left

rFire   . . .      SeeInvis +   B - +0 whip (freeze)
rCold   . . .      Faith    .   (no shield)
rNeg    . . .      Spirit   .   a - +0 robe
rPois   .          Reflect  .   (no helmet)
rElec   .          Harm     .   m - +0 cloak
rCorr   +          Rampage  .   x - +0 pair of gloves
Will    .....                   g - +0 pair of boots
Stlth   +++.......              (no amulet)
HPRegen 0.15/turn               v - ring of see invisible
MPRegen 0.18/turn               R - ring of resist corrosion

@: brilliant
A: no striking features
a: Renounce Religion, Channel Magic


You were in a bailey.
You worshipped Sif Muna.
Sif Muna was aware of your devotion.
You visited 2 branches of the dungeon, and saw 8 of its levels.
You also visited: Bailey.

You collected 337 gold pieces.


   Skills:
 * Level 7.5 Dodging
 + Level 6.1 Stealth
 + Level 8.3 Spellcasting
 + Level 6.3 Conjurations
 + Level 7.1 Fire Magic
 * Level 1.2 Poison Magic
 * Level 1.2 Invocations


You had 11 spell levels left.
You knew the following spells:

 Your Spells              Type           Power      Damage    Failure   Level
a - Foxfire               Conj/Fire      100%       2x1d9     1%          1
b - Scorch                Fire           100%       2d10      1%          2
c - Conjure Flame         Conj/Fire      57%        6-21      1%          3
d - Flame Wave            Conj/Fire      57%        2d14      4%          4
e - Mephitic Cloud        Conj/Pois/Air  31%        N/A       7%          3

Your spell library contained the following spells:

 Spells                   Type           Power      Damage    Failure   Level
 Static Discharge         Conj/Air       36%        3-8/arc   2%          2
 Inner Flame              Hex/Fire       39%        N/A       4%          3
 Dazzling Flash           Conj/Hex       72%        N/A       5%          3
 Ignite Poison            Fire/Tmut/Pois 33%        N/A       6%          3
 Apportation              Tloc           28%        N/A       7%          1
 Necrotise                Necr           56%        1d6       7%          1
 Summon Small Mammal      Summ           56%        N/A       7%          1
 Iskenderun's Mystic Bla  Conj/Tloc      36%        2d9       19%         4
 Confusing Touch          Hex            14%        N/A       21%         3
 Starburst                Conj/Fire      28%        6d9       54%         6
 Freezing Cloud           Conj/Ice/Air   14%        6-21      61%         5
 Alistair's Intoxication  Tmut/Pois      12%        N/A       82%         5

Inventory:

Hand Weapons
 B - a +0 whip of freezing (weapon)
Missiles
 t - a throwing net {=f}
Armour
 a - a +0 robe (worn)
 g - a +0 pair of boots (worn)
 m - a +0 cloak (worn)
 x - a +0 pair of gloves (worn)
Jewellery
 v - a ring of see invisible (left hand)
 R - a ring of resist corrosion (right hand)
Wands
 y - a wand of quicksilver (9)
Scrolls
 c - a scroll of noise {unknown}
 d - a scroll of enchant armour {unknown}
 e - 4 scrolls of identify {@r1}
 f - 2 scrolls of butterflies {unknown}
 i - 2 scrolls of amnesia {unknown}
 l - a scroll of teleportation {unknown}
 n - 2 scrolls of poison {unknown}
 q - 2 scrolls of enchant weapon {unknown}
 s - 2 scrolls of fear {unknown}
 u - 4 scrolls of magic mapping
 w - 2 scrolls of summoning {unknown}
 D - a scroll of blinking {unknown}
Potions
 b - a potion of magic
 h - a potion of heal wounds {unknown}
 j - 2 potions of curing {unknown}
 k - a potion of cancellation {unknown}
 o - a potion of mutation {unknown}
 p - 2 potions of brilliance
 r - a potion of might {unknown}
 z - 3 potions of flight
 A - a potion of invisibility {unknown}
 C - a potion of attraction {unknown}

Dungeon Overview and Level Annotations

Branches:
Dungeon (7/15)             Temple (1/1) D:4          Bailey (1/1)

Altars:
Ashenzari
Cheibriados
Dithmenos
Elyvilon
Fedhas
Gozag
Hepliaklqana
Kikubaaqudgha
Nemelex Xobeh
Okawaru
Qazlal
Ru
Sif Muna
Trog
Uskayaw
Vehumet
Wu Jian
Xom
Yredelemnul
Zin
The Shining One

Shops:
D:3 * D:5

=
~~~~≈▒▒.▒≈≈.....#
▒~~~≈≈≈~≈≈~.....#
▒▒~~~~~~~)~.....#
▒▒~~~~~~)~.....#
▒~~~~~~~~.....#
▒▒~~~~~~~.....#
▒~~~~~~~.....#
▒~~~~~~§§§...#
▒~~~~~~§@....#
▒~~~~~§~§§...#
▒~~~~§~§.....#
~~~~v§§~.....#
~~~ov~~.....#
≈≈≈o§≈~.....#
≈▒▒o▒≈≈.....#
∩.▒▒≈.....#


You could see 2 orc warriors and an orc.


Message History

The orc warrior shoots a bolt.
The bolt hits you!
Casting: Foxfire (safe; 1% risk of failure)
Confirm with . or Enter, or press ? or * to list all spells.
You conjure some foxfire!
The foxfire hits the orc warrior.
The orc warrior is almost dead.
The foxfire hits the orc warrior.
You kill the orc warrior!
Sif Muna accepts your kill.
You hear a splash. x2
The orc warrior shoots a bolt.
The bolt closely misses you. The bolt hits your foxfire!
The orc shoots a bolt.
The bolt hits you.
Your Poison Magic skill increases to level 1!
Casting: Foxfire (safe; 1% risk of failure)
Confirm with . or Enter, or press ? or * to list all spells.
You conjure some foxfire!
The foxfire hits the orc warrior!
The orc warrior is moderately wounded.
The orc warrior is engulfed in a cloud of scalding steam.
The orc warrior shoots a bolt.
The bolt hits you.
* * * LOW HITPOINT WARNING * * *
The orc warrior shoots a bolt.
The bolt hits you!!
* * * LOW HITPOINT WARNING * * *
The orc shoots a bolt.
The bolt barely misses you.
Okay, then.
It was a potion of brilliance.
You feel clever all of a sudden.
The foxfire hits the orc warrior.
The orc warrior is severely wounded.
The orc warrior is engulfed in a cloud of scalding steam.
The orc warrior shoots a bolt.
The bolt hits you!
You die...

Skill      XL: |  1  2  3  4  5  6  7  8  9 |
---------------+----------------------------+-----
Dodging        | 3 4 5 7 |  7.5
Stealth        | 3 4 5 6 |  6.1
Conjurations   | 2 3 4 6 |  6.3
Spellcasting   | 4 5 6 7 8 |  8.3
Fire Magic     | 4 5 6 7 |  7.1
Invocations    | 1 |  1.2
Poison Magic   | 1 |  1.2

Action                   |  1- 3 |  4- 6 |  7- 9 || total
-------------------------+-------+-------+-------++-------
Melee: Unarmed           |    13 |       |       ||    13
 Cast: Foxfire           |    40 |    69 |   126 ||   235
       Scorch            |     4 |    10 |    24 ||    38
       Conjure Flame     |       |       |     1 ||     1
  Use: Scroll            |       |       |     3 ||     3
       Potion            |       |       |     1 ||     1
Armor: Robe              |     1 |     2 |     4 ||     7
Dodge: Dodged            |     7 |     8 |    21 ||    36

Levels and vault maps discovered:
D:1:      minmay_arrival_floating_metal, layout_loops_ring, serial_bayou_ford_a,
          minmay_misc_feat_columns
D:2:      layout_basic
D:3:      layout_basic, gammafunk_temple_overflow_claw, serial_shops,
          shop_statue
D:4:      layout_rooms, minmay_temple_entry_trees, uniq_grinder
D:5:      layout_loops_ring, minmay_liquid_box, minmay_shop_enchanted_jewellery,
          minmay_misc_feat_tiny
D:6:      kennysheep_six_static_rooms, layout_basic
D:7:      layout_loops_ring, serial_shops, shop, enter_bailey_2, minmay_between
Temple:   dpeg_five_rooms_temple
Bailey:   bailey_polearm_2, bailey

Notes
Turn   | Place    | Note
-------+----------+-------------------------------------------
     0 | D:1      | kingofthe the Deep Elf Fire Elementalist began the quest
                  | for the Orb.
     0 | D:1      | Reached XP level 1. HP: 10/10 MP: 6/6
   190 | D:1      | Got the Octavo of Enchanting Lightning
   964 | D:2      | Reached XP level 2. HP: 15/15 MP: 5/8
   967 | D:2      | Learned a level 2 spell: Scorch
  1689 | D:2      | Reached XP level 3. HP: 19/19 MP: 7/10
  2077 | D:3      | Reached skill level 3 in Dodging
  2077 | D:3      | Reached skill level 3 in Stealth
  2077 | D:3      | Reached skill level 2 in Conjurations
  2077 | D:3      | Reached XP level 4. HP: 24/24 MP: 7/11
  2204 | D:3      | Reached skill level 4 in Spellcasting
  2242 | D:3      | Found Muphofa's Assorted Antiques.
  2752 | D:3      | Found a blossoming altar of Fedhas.
  2752 | D:3      | Found a white marble altar of Elyvilon.
  2753 | D:3      | Found an ornate altar of the Wu Jian Council.
  2899 | D:4      | Noticed Grinder
  2900 | D:4      | Noticed a black bear
  2900 | D:4      | Noticed an ogre
  3009 | D:4      | Paralysed by Grinder for 5 turns
  3010 | D:4      | Reached skill level 4 in Fire Magic
  3280 | D:4      | Killed a black bear
  3281 | D:4      | Reached skill level 4 in Dodging
  3281 | D:4      | Reached XP level 5. HP: 28/28 MP: 0/13
  3390 | D:4      | Reached skill level 3 in Conjurations
  3395 | D:4      | Reached XP level 6. HP: 20/32 MP: 8/15
  3555 | D:4      | Paralysed by Grinder for 4 turns
  3564 | D:4      | Killed Grinder
  3565 | D:4      | Reached skill level 4 in Stealth
  3565 | D:4      | Reached skill level 5 in Spellcasting
  3565 | D:4      | Reached XP level 7. HP: 36/36 MP: 8/17
  3608 | D:4      | Reached skill level 5 in Fire Magic
  3611 | D:4      | Reached skill level 5 in Dodging
  3611 | D:4      | Reached skill level 4 in Conjurations
  3687 | D:4      | Found a staircase to the Ecumenical Temple.
  3700 | Temple   | Entered the Ecumenical Temple
  3782 | Temple   | Became a worshipper of Sif Muna the Loreminder
  4278 | D:5      | Entered Level 5 of the Dungeon
  4324 | D:5      | Found Daoguf's Jewellery Emporium.
  4421 | D:5      | Reached skill level 6 in Spellcasting
  4621 | D:5      | Learned a level 3 spell: Conjure Flame
  4626 | D:5      | Learned a level 4 spell: Flame Wave
  5331 | D:6      | Reached XP level 8. HP: 41/41 MP: 13/19
  5627 | D:6      | Reached skill level 5 in Stealth
  5627 | D:6      | Reached skill level 5 in Conjurations
  5630 | D:6      | Reached skill level 6 in Dodging
  5630 | D:6      | Reached skill level 6 in Fire Magic
  5736 | D:6      | Reached * piety under Sif Muna
  5768 | D:6      | Reached skill level 7 in Spellcasting
  6531 | D:6      | Reached skill level 7 in Dodging
  6537 | D:6      | Reached skill level 6 in Conjurations
  6537 | D:6      | Reached XP level 9. HP: 45/45 MP: 5/22
  6672 | D:6      | Noticed a troll
  6679 | D:6      | Killed a troll
  6680 | D:6      | Reached skill level 8 in Spellcasting
  6680 | D:6      | Reached skill level 7 in Fire Magic
  6800 | D:6      | Learned a level 3 spell: Mephitic Cloud
  6919 | D:7      | Found a flagged portal.
  6924 | Bailey   | Entered a bailey
  6951 | Bailey   | Reached skill level 6 in Stealth
  7144 | Bailey   | Reached skill level 1 in Invocations
  7148 | Bailey   | Reached skill level 1 in Poison Magic
  7148 | Bailey   | HP: 2/45 [orc warrior/bolt (18)]
  7149 | Bailey   | Shot with a bolt by an orc warrior

Vanquished Creatures
  Grinder (D:4)
  A troll (D:6)
  A steam dragon (D:6)
  2 water moccasins (D:6)
  A black bear (D:4)
  4 ogres
  3 orc warriors (Bailey)
  A centaur (D:6)
  A bullfrog (D:6)
  2 necrophages
  2 scorpions (D:6)
  3 wights (D:6)
  A howler monkey (D:3)
  5 hounds
  4 orc priests
  2 iguanas (D:6)
  An orc wizard (D:6)
  6 adders
  3 shadow imps
  A white imp (D:5)
  3 ufetubi
  2 worms (D:3)
  2 dart slugs
  16 orcs
  6 endoplasms
  4 giant cockroaches
  6 goblins
  4 hobgoblins
  2 jackals (D:2)
  5 kobolds
  3 quokkas
  8 ball pythons
  A bat (D:1)
  2 frilled lizards (D:3)
  3 rats
112 creatures vanquished.

Vanquished Creatures (collateral kills)
  A foxfire (D:1)
1 creature vanquished.

Vanquished Creatures (others)
  401 foxfires
  A plant (D:1)
402 creatures vanquished.

Grand Total: 515 creatures vanquished

Table legend: (Time is in decaauts)
 A = Elapsed time spent in this place.
 B = Non-inter-level travel time spent in this place.
 C = Inter-level travel time spent in this place.
 D = Time resting spent in this place.
 E = Time spent auto-exploring this place.
 F = Levels seen in this place.
 G = Mean time per level.
                   A        B        C        D        E       F      G
               +--------+--------+--------+--------+--------+-----+--------+
         Total |   7173 |   6735 |    438 |   1082 |   4767 |   9 |  797.0 |
       Dungeon |   6677 |   6287 |    390 |    936 |   4564 |   7 |  953.9 |
        Temple |    263 |    215 |     48 |      0 |    198 |   1 |  263.0 |
        Bailey |    231 |    231 |      0 |    146 |      5 |   1 |  231.0 |
               +--------+--------+--------+--------+--------+-----+--------+

Top non-repeatable levels by time:
     D:6: 1583 daAuts
     D:3: 1225 daAuts
     D:2: 1110 daAuts
     D:5: 1018 daAuts
     D:1: 949 daAuts
     D:4: 772 daAuts
  Temple: 263 daAuts
  Bailey: 231 daAuts
     D:7: 18 daAuts

Table legend:
 A = Non-vault XP
 B = Vault XP
 C = Vault XP percentage of total XP
 D = Non-vault monster count
 E = Vault monster count
 F = Vault count percentage of total count
                 A         B        C        D         E       F
            +---------+---------+-------+---------+---------+-------
      Total |    2551 |    1127 |  30.6 |      98 |      14 |  12.5
            +---------+---------+-------+---------+---------+-------
        D:1 |      10 |       0 |   0.0 |       6 |       0 |   0.0
        D:2 |      36 |       0 |   0.0 |      20 |       0 |   0.0
        D:3 |     104 |       0 |   0.0 |      12 |       0 |   0.0
        D:4 |     556 |     295 |  34.7 |      24 |       1 |   4.0
        D:5 |     381 |       0 |   0.0 |      11 |       0 |   0.0
        D:6 |    1464 |     428 |  22.6 |      25 |       6 |  19.4
     Bailey |       0 |     404 | 100.0 |       0 |       7 | 100.0
            +---------+---------+-------+---------+---------+-------
